[Event "Titled Tuesday Blitz November 08 Late 2022"]
[White "Wartiovaara, Oliver"]
[Black "Thomas, Anysia"]
[WhiteFideId "513024"]
[BlackFideId "670472"]
[WhiteElo "2213"]
[BlackElo "2069"]
[Result "1-0"]
[Round "05"]
[TimeControl "180+1"]
[Date "2022.11.09"]
[WhiteClock "0:00:21"]
[BlackClock "0:00:09"]

1. Nf3 c5 2. g3 g6 3. Bg2 Bg7 4. O-O Nc6 5. c3 Nf6 6. d4 O-O 7. dxc5 Qa5 8. b4 Qd8 9. Bb2 a5 10. a3 Ne4 11. Nd4 Nxd4 12. cxd4 d5 13. Nd2 Nf6 14. e4 Be6 15. e5 Nd7 16. f4 Nb8 17. g4 Qd7 18. Bh3 Qb5 19. f5 Bd7 20. Bc3 Qd3 21. Rf3 Qb5 22. Bf1 Qc6 23. b5 Qc8 24. Bd3 f6 25. e6 Be8 26. a4 g5 27. Qf1 h6 28. Qg2 Qc7 29. Qg3 Qxg3+ 30. Rxg3 b6 31. c6 Nxc6 32. bxc6 Bxc6 33. Bb2 Rfb8 34. Bb5 Bb7 35. Rc1 Bf8 36. Rgc3 Ba6 37. Bxa6 Rxa6 38. Rb3 Ra7 39. Rc6 Rab7 40. Rb5 Kg7 41. Nb1 h5 42. h3 hxg4 43. hxg4 Kh6 44. Nc3 Kg7 45. Ba3 Re8 46. Rbxb6 Rxb6 47. Rxb6 Rc8 48. Bc5 Kh6 49. Nxd5 Kg7 50. Rb5 Rd8 51. Rxa5 Rxd5 52. Rb5 Rd8 53. a5 Ra8 54. Bb6 Ra6 55. Rc5 Kg8 56. Rc7 Kg7 57. Ra7 Rxa7 58. Bxa7 Kg8 59. Bc5 Kg7 60. a6 Kh7 61. a7 Kh6 62. a8=Q Kh7 63. Kg2 Bh6 64. Kf3 Bf8 65. Ke4 Bh6 66. Kd5 Bf8 67. Kc6 Bh6 68. Kd7 Bf8 69. Ke8 Kg8 70. Qa1 Kh7 71. Kf7 Bh6 72. Bxe7 Bf8 73. Bxf6 Bh6 74. d5 Bg7 75. Qh1+ Bh6 76. Bxg5 Kh8 77. d6 Kh7 78. d7 1-0


[Site "https://www.chess.com"]

[Event "Titled Tuesday Blitz November 08 Late 2022"]
[White "Wieczorek, Oskar"]
[Black "Hajiyev, Kanan"]
[WhiteFideId "1133950"]
[BlackFideId "13404148"]
[WhiteElo "2404"]
[BlackElo "2118"]
[Result "1-0"]
[Round "05"]
[TimeControl "180+1"]
[Date "2022.11.09"]
[WhiteClock "0:00:15"]
[BlackClock "0:00:02"]

1. e4 c6 2. d4 d5 3. Nd2 a6 4. c3 dxe4 5. Nxe4 Bf5 6. Ng3 Bg6 7. Nh3 e6 8. Nf4 Bd6 9. h4 Qc7 10. Qf3 Bxf4 11. Bxf4 Qb6 12. O-O-O Ne7 13. h5 Bf5 14. h6 g6 15. Ne4 Bxe4 16. Qxe4 Nd7 17. g4 Qa5 18. Bc4 O-O-O 19. Bb3 Nd5 20. Bg3 Rhe8 21. c4 N5f6 22. Qf4 g5 23. Qf3 Rg8 24. Kb1 Rg6 25. Bc2 Rgg8 26. c5 Rdf8 27. Rd3 Nd5 28. Ra3 Qb4 29. Rd1 f5 30. gxf5 exf5 31. Rb3 Qc4 32. Bxf5 Kd8 33. Rxb7 Rf7 34. Qd3 Qxd3+ 35. Bxd3 Re8 36. Bxa6 Ne5 37. Bxe5 Rxb7 38. Bxb7 Re7 39. Bxc6 Nb4 40. Bf6 Nxc6 41. Bxe7+ Nxe7 42. d5 Nf5 43. d6 Kd7 44. b4 Kc6 45. d7 Nxh6 46. d8=Q 1-0


[Site "https://www.chess.com"]

[Event "Titled Tuesday Blitz November 08 Late 2022"]
[White "Winterberg, Lukas"]
[Black "Zeynalli, Rashad"]
[WhiteFideId "24622702"]
[BlackFideId "13403320"]
[WhiteElo "2349"]
[BlackElo "2125"]
[Result "1-0"]
[Round "05"]
[TimeControl "180+1"]
[Date "2022.11.09"]
[WhiteClock "0:00:14"]
[BlackClock "0:00:14"]

1. d4 f5 2. Nf3 Nf6 3. g3 g6 4. Bg2 Bg7 5. O-O O-O 6. Nbd2 d6 7. Re1 Nc6 8. e4 fxe4 9. Nxe4 Nxe4 10. Rxe4 e5 11. c3 Bf5 12. Qb3+ Kh8 13. Rh4 Bf6 14. Qxb7 Ne7 15. Bg5 Rb8 16. Qxa7 Nc6 17. Qa4 Bxg5 18. Nxg5 Qxg5 19. Qxc6 Rf7 20. dxe5 dxe5 21. b3 Rbf8 22. Qc5 Qf6 23. Re1 Re7 24. a4 Bc2 25. a5 Bxb3 26. Rhe4 Rfe8 27. f4 Qd6 28. Qb4 Bd5 29. Rxe5 Rxe5 30. Rxe5 Rxe5 31. Qxd6 cxd6 32. fxe5 Bxg2 33. Kxg2 1-0


[Site "https://www.chess.com"]

[Event "Titled Tuesday Blitz November 08 Late 2022"]
[White "Xiong, Jeffery"]
[Black "Indjic, Aleksandar"]
[WhiteFideId "2047640"]
[BlackFideId "911925"]
[WhiteElo "2725"]
[BlackElo "2592"]
[Result "0-1"]
[Round "05"]
[TimeControl "180+1"]
[Date "2022.11.08"]
[WhiteClock "0:00:01"]
[BlackClock "0:00:08"]

1. e4 e5 2. Nf3 Nf6 3. Nc3 Nc6 4. d4 Bb4 5. Nxe5 Bxc3+ 6. bxc3 Qe7 7. f3 Nxe5 8. dxe5 Qxe5 9. Qd4 d6 10. Be3 Be6 11. a4 O-O 12. Be2 a5 13. O-O b6 14. Qd2 Bd7 15. Bd4 Qe6 16. Rfb1 Bc6 17. Qg5 h6 18. Qg3 Kh8 19. Bb5 Bb7 20. e5 Nh5 21. Qe1 c5 22. Bf2 dxe5 23. Bf1 Rab8 24. Rb2 Nf6 25. Rab1 Nd7 26. Bb5 Bc6 27. Qe2 f5 28. Rd1 e4 29. fxe4 fxe4 30. Bg3 Bxb5 31. Qxb5 Ne5 32. Qe2 Nc4 33. Rbb1 Rbd8 34. h3 Kh7 35. Kh2 Rxd1 36. Rxd1 Rf7 37. Rd8 Rf6 38. h4 Rg6 39. Bf4 Rg4 40. g3 Rg6 41. h5 Rf6 42. Kg1 Rf7 43. Kg2 Nb2 44. Qb5 Nc4 45. Re8 Qd5 46. Qa6 e3+ 47. Kh2 Qxh5+ 48. Kg1 Rd7 49. Qc8 Rd1+ 0-1


[Site "https://www.chess.com"]

[Event "Titled Tuesday Blitz November 08 Late 2022"]
[White "Yang, Kevin"]
[Black "Ventura Bolet, Maxim"]
[WhiteFideId "30908485"]
[BlackFideId "22238824"]
[WhiteElo "2055"]
[BlackElo "2186"]
[Result "1/2-1/2"]
[Round "05"]
[TimeControl "180+1"]
[Date "2022.11.09"]
[WhiteClock "0:00:04"]
[BlackClock "0:00:12"]

1. d4 d5 2. Nc3 Nf6 3. Bf4 c5 4. e3 cxd4 5. exd4 a6 6. Bd3 Nc6 7. Nge2 Bg4 8. f3 Bh5 9. a3 e6 10. Qd2 Bg6 11. O-O Bd6 12. Bxd6 Qxd6 13. Rae1 Bxd3 14. Qxd3 O-O 15. f4 Ne7 16. Ng3 h5 17. Re5 g6 18. h3 h4 19. Nh1 Nf5 20. Nf2 Qb6 21. Ng4 Nxg4 22. hxg4 Qxd4+ 23. Kh2 Qxd3 24. cxd3 Nd6 25. Kh3 Kg7 26. Kxh4 Rac8 27. Kg3 b5 28. Re2 a5 29. Nd1 Rc1 30. Ne3 Rfc8 31. Rxc1 Rxc1 32. Nc2 Rd1 33. Ne1 b4 34. axb4 axb4 35. Kf2 b3 36. Ke3 Nb5 37. Nf3 f6 38. Nd4 Nxd4 39. Kxd4 Rc1 40. Rxe6 Rc2 41. Re7+ Kf8 42. Re6 Kf7 43. Rb6 Rxb2 44. f5 Rxg2 45. Rb7+ Kg8 46. fxg6 Rxg4+ 47. Kxd5 Rxg6 48. Rxb3 Rg3 49. Rb8+ Kf7 50. d4 Rd3 51. Rb7+ Kg6 52. Ke4 Rd1 53. d5 Re1+ 54. Kd4 Rd1+ 55. Kc5 Kf5 56. Kd6 Kf4 57. Rb4+ Kg3 58. Ke6 f5 59. d6 f4 60. d7 f3 61. Rb5 Rxd7 62. Kxd7 f2 63. Rg5+ Kf3 64. Rg8 f1=Q 65. Rf8+ Ke2 66. Rxf1 Kxf1 1/2-1/2


[Site "https://www.chess.com"]

[Event "Titled Tuesday Blitz November 08 Late 2022"]
[White "Yano, William Jorge Froes"]
[Black "Arbunic Castro, Giovanna"]
[WhiteFideId "2112949"]
[BlackFideId "3400549"]
[WhiteElo "2122"]
[BlackElo "1876"]
[Result "1-0"]
[Round "05"]
[TimeControl "180+1"]
[Date "2022.11.09"]
[WhiteClock "0:00:24"]
[BlackClock "0:00:13"]

1. e4 g6 2. d4 Bg7 3. Nc3 c5 4. dxc5 Qa5 5. Nf3 Nf6 6. Bd3 Qxc5 7. O-O O-O 8. e5 Ng4 9. Ne4 Qc6 10. Nd4 Qd5 11. Qxg4 d6 12. Qh4 dxe5 13. Nf3 f5 14. Ned2 e6 15. Bc4 Qc5 16. Ng5 h6 17. Bxe6+ Kh8 18. Nf7+ Kh7 19. Nb3 Qc7 20. Bxc8 Qxf7 21. Bxb7 Qxb7 22. Bd2 Nd7 23. Rad1 Nf6 24. Bc3 Ng4 25. h3 Bf6 26. Qg3 1-0


[Site "https://www.chess.com"]

[Event "Titled Tuesday Blitz November 08 Late 2022"]
[White "Young, Ryan"]
[Black "Kirillov, Dmitry"]
[WhiteFideId "2049945"]
[BlackFideId "34180572"]
[WhiteElo "2285"]
[BlackElo "2095"]
[Result "0-1"]
[Round "05"]
[TimeControl "180+1"]
[Date "2022.11.09"]
[WhiteClock "0:00:03"]
[BlackClock "0:00:07"]

1. e4 c6 2. d4 d5 3. exd5 cxd5 4. Bd3 Nc6 5. c3 Nf6 6. h3 g6 7. Nf3 Bg7 8. O-O O-O 9. Re1 Bf5 10. Bf1 Rc8 11. Nbd2 Qc7 12. g4 Bd7 13. Bg2 Rfe8 14. Nf1 a6 15. Ng3 b5 16. b4 Nd8 17. Bd2 Nb7 18. Ne5 Nd6 19. Qe2 Nc4 20. Nxc4 dxc4 21. g5 Nh5 22. Nxh5 gxh5 23. Qxh5 Bf5 24. Qf3 e6 25. Bf4 Qd7 26. a4 bxa4 27. Qb7 Qb5 28. Ra3 e5 29. Bxe5 Bxe5 30. Rxe5 Rxe5 31. dxe5 Qxe5 32. Qf3 Bc2 33. Qg3 Qe7 34. h4 Rd8 35. Ra1 Rd1+ 36. Rxd1 Bxd1 37. Qf4 Bb3 38. Qc1 Qe2 39. h5 Qxh5 40. Qe3 Qd1+ 41. Kh2 Qh5+ 42. Kg1 f6 43. Qe6+ Qf7 44. Qe3 Kg7 45. Qc1 f5 46. Qf4 Qd7 47. Qc1 Qd1+ 48. Qxd1 Bxd1 49. Bf1 Bb3 50. Be2 a3 0-1


[Site "https://www.chess.com"]

[Event "Titled Tuesday Blitz November 08 Late 2022"]
[White "Zakhartsov, Vladimir"]
[Black "Al-Tarboush, Ward"]
[WhiteFideId "4145097"]
[BlackFideId "7601450"]
[WhiteElo "2525"]
[BlackElo "2273"]
[Result "1-0"]
[Round "05"]
[TimeControl "180+1"]
[Date "2022.11.08"]
[WhiteClock "0:00:17"]
[BlackClock "0:00:25"]

1. e4 c5 2. Nf3 Nc6 3. Bb5 e6 4. Bxc6 bxc6 5. O-O Ne7 6. d3 Qc7 7. Ng5 f6 8. Nh3 Ng6 9. Qh5 Bd6 10. f4 O-O 11. Na3 Ba6 12. b3 Ne7 13. Bb2 g6 14. Qh6 e5 15. Nc4 Bxc4 16. bxc4 Kh8 17. Rf3 Ng8 18. Qh4 Rab8 19. Bc3 Be7 20. Raf1 d6 21. f5 g5 22. Qh5 Qd7 23. Nf2 Qe8 24. Rh3 Qxh5 25. Rxh5 Rb6 26. h4 gxh4 27. Rxh4 Ra6 28. Ra1 Rb8 29. Ng4 Kg7 30. Kf2 h6 31. a4 Bf8 32. a5 Kf7 33. Rhh1 Bg7 34. Rab1 Rxb1 35. Rxb1 h5 36. Rb7+ Ne7 37. Ne3 Bh6 38. Rd7 Ke8 39. Rxd6 Bg7 40. Nd5 Nxd5 41. cxd5 Ke7 42. Re6+ Kd7 43. Kg3 Kc7 44. Re7+ 1-0


[Site "https://www.chess.com"]

[Event "Titled Tuesday Blitz November 08 Late 2022"]
[White "czernikowskqa"]
[Black "Bernat, David"]
[BlackFideId "2099225"]
[WhiteElo "1985"]
[BlackElo "2335"]
[Result "0-1"]
[Round "05"]
[TimeControl "180+1"]
[Date "2022.11.09"]
[WhiteClock "0:01:25"]
[BlackClock "0:00:14"]

1. c4 c5 2. Nc3 Nc6 3. Nf3 g6 4. d4 cxd4 5. Nxd4 Nf6 6. Nc2 Bg7 7. g3 d6 8. Bg2 O-O 9. O-O Be6 10. b3 a6 11. Bb2 Qa5 12. Ne3 Rac8 13. Qc2 b5 14. Ncd5 Bxd5 15. Nxd5 Nxd5 16. Bxd5 Bxb2 17. Qxb2 Nb4 18. Rfc1 Nxd5 19. cxd5 b4 20. e4 Rc3 21. a3 Rfc8 22. axb4 Rxc1+ 23. Rxc1 Rxc1+ 24. Qxc1 Qxb4 25. Qc8+ Kg7 26. Qxa6 Qe1+ 27. Qf1 Qxe4 28. Qc4 Qxc4 29. bxc4 Kf6 30. f4 Kf5 31. Kf2 Ke4 32. h4 h5 33. Ke2 Kd4 34. Kf3 f5 0-1


[Site "https://www.chess.com"]

[Event "Titled Tuesday Blitz November 08 Late 2022"]
[White "Adel, Sara"]
[Black "Gardezi, Arsal"]
[WhiteFideId "10616764"]
[BlackFideId "30949521"]
[WhiteElo "1994"]
[BlackElo "1906"]
[Result "1-0"]
[Round "06"]
[TimeControl "180+1"]
[Date "2022.11.09"]
[WhiteClock "0:00:09"]
[BlackClock "0:00:05"]

1. e4 e5 2. Nf3 Nc6 3. Bc4 Nf6 4. Ng5 d5 5. exd5 Na5 6. Bb5+ c6 7. dxc6 bxc6 8. Be2 h6 9. Nf3 e4 10. Ne5 Qd4 11. f4 Bc5 12. Rf1 Qd6 13. c3 Bb6 14. b4 Nb7 15. Qa4 Bd7 16. Bc4 O-O 17. Ba3 e3 18. b5 Bc5 19. bxc6 Bxa3 20. Qxa3 exd2+ 21. Ke2 Bxc6 22. Qxd6 Nxd6 23. Nxd2 Bxg2 24. Rg1 Bb7 25. Rab1 Rac8 26. Bxf7+ Rxf7 27. Nxf7 Kxf7 28. c4 Ba6 29. Nf3 Nxc4 30. Kf2 Ne4+ 31. Kg2 Ne3+ 32. Kh3 Rc3 33. Ne5+ Kg8 34. Rb8+ Kh7 35. f5 Nxf5+ 36. Kg4 Ned6 37. h4 Be2+ 38. Kf4 Ra3 39. Ng6 Ra4+ 40. Ke5 Re4+ 41. Kd5 Bc4+ 42. Kc5 Nb7+ 43. Kb4 Bd5+ 44. Kc3 Re3+ 45. Kd2 Bg8 46. Nf8+ Kh8 47. Ng6+ Kh7 48. Nf8+ Kh8 49. Rxb7 Re8 50. Ng6+ Kh7 51. h5 Rd8+ 52. Ke2 Bc4+ 53. Kf2 Rd2+ 54. Ke1 Re2+ 55. Kd1 Re8 56. Nf4 Rd8+ 57. Kc1 Nd4 58. Rgxg7+ Kh8 59. Ng6# 1-0


[Site "https://www.chess.com"]

[Event "Titled Tuesday Blitz November 08 Late 2022"]
[White "Adewumi, Tanitoluwa"]
[Black "Brown, Andrew"]
[WhiteFideId "30966396"]
[BlackFideId "3206513"]
[WhiteElo "2553"]
[BlackElo "2245"]
[Result "1-0"]
[Round "06"]
[TimeControl "180+1"]
[Date "2022.11.09"]
[WhiteClock "0:00:05"]
[BlackClock "0:00:05"]

1. e4 g6 2. d4 Bg7 3. Nf3 c6 4. c4 d6 5. Nc3 Bg4 6. Be3 Nd7 7. Be2 a5 8. O-O Bxf3 9. Bxf3 e5 10. Bg4 Ngf6 11. Bh3 O-O 12. f4 exd4 13. Bxd4 Re8 14. Qf3 Nxe4 15. Bxg7 Nd2 16. Qd3 Nxf1 17. Bd4 Nc5 18. Qxf1 f5 19. Rd1 Qe7 20. g3 Ne6 21. Bf2 a4 22. Bg2 a3 23. b3 Qf6 24. Qd3 Rad8 25. Qd2 Nc5 26. Ne2 Ne4 27. Bxe4 Rxe4 28. Nd4 Rde8 29. Nf3 Re2 30. Qxd6 Qxd6 31. Rxd6 Rxa2 32. Bd4 Rae2 33. Rd7 R2e7 34. Rd6 a2 35. Ne5 Re6 36. Rd7 R6e7 37. Rxe7 Rxe7 38. Kf2 Re8 39. Ke2 Rd8 40. Ba1 Kf8 41. Nd3 Ke7 42. Kd2 b6 43. Kc2 Ke6 44. Nc1 Ra8 45. Kb2 Rd8 46. Kc2 Ra8 47. Nd3 b5 48. Nc5+ Kd6 49. Nd3 bxc4 50. bxc4 Re8 51. Be5+ Kd7 52. Kb2 Ra8 53. Ka1 Ra3 54. Nc5+ Ke7 55. Bb2 Re3 56. Kxa2 Re2 57. h4 Rg2 58. Nd3 Rxg3 59. Ne5 Kd6 60. Ba3+ Kc7 61. Bc5 Rh3 62. Be7 Rh2+ 63. Kb3 Rf2 64. Bg5 Rh2 65. Kb4 h6 66. Bxh6 Rxh4 67. Bg5 Rh1 68. Nxg6 Rb1+ 69. Kc5 Ra1 70. Ne7 Ra5+ 71. Kb4 Kd7 72. Kxa5 1-0


[Site "https://www.chess.com"]

[Event "Titled Tuesday Blitz November 08 Late 2022"]
[White "Aghasiyev, Kamal"]
[Black "Mazurkiewicz, Michal"]
[WhiteFideId "13402854"]
[BlackFideId "1124943"]
[WhiteElo "2341"]
[BlackElo "2063"]
[Result "0-1"]
[Round "06"]
[TimeControl "180+1"]
[Date "2022.11.09"]
[WhiteClock "0:00:53"]
[BlackClock "0:00:08"]

1. Nf3 Nf6 2. c4 g6 3. b3 Bg7 4. Bb2 O-O 5. g3 d6 6. Bg2 e5 7. d3 c6 8. O-O Re8 9. Nbd2 Nbd7 10. e4 Nc5 11. Qc2 a5 12. Rfe1 Ne6 13. d4 exd4 14. Nxd4 Qb6 15. Nxe6 Bxe6 16. Nf1 a4 17. Ne3 h5 18. Qd2 axb3 19. axb3 Rxa1 20. Bxa1 Qxb3 21. Qxd6 Qb6 22. Nd5 Bxd5 23. cxd5 Nxe4 24. Bxe4 Rxe4 25. Rf1 Bxa1 26. Rxa1 Qd4 27. Rf1 Qxd5 28. Qb8+ Kg7 29. Qxb7 h4 30. Qb2+ Kh7 31. Qf6 h3 32. Qf3 Re1 33. Qxd5 Rxf1+ 34. Kxf1 cxd5 35. Ke2 Kg7 36. Kd3 Kf6 37. Kd4 Ke6 38. f4 Kd6 39. g4 f5 40. g5 Kc6 41. Ke5 Kc5 42. Kf6 d4 43. Kxg6 d3 44. Kf7 d2 45. g6 d1=Q 46. g7 Qh5+ 47. Kf8 Qh6 48. Kf7 Qh7 49. Kf8 Kd4 50. g8=Q Qxg8+ 51. Kxg8 Ke4 52. Kg7 Kxf4 53. Kh6 Kg4 0-1


[Site "https://www.chess.com"]

[Event "Titled Tuesday Blitz November 08 Late 2022"]
[White "Al-Tarboush, Ward"]
[Black "Sivakumar, Shaaketh"]
[WhiteFideId "7601450"]
[BlackFideId "30940176"]
[WhiteElo "2273"]
[BlackElo "2174"]
[Result "1-0"]
[Round "06"]
[TimeControl "180+1"]
[Date "2022.11.09"]
[WhiteClock "0:00:04"]
[BlackClock "0:01:05"]

1. e4 e6 2. d4 d5 3. exd5 exd5 4. Bd3 Nc6 5. Nf3 Bg4 6. c3 Bd6 7. O-O Nge7 8. Re1 Qd7 9. Nbd2 O-O-O 10. b4 Rde8 11. Nb3 b6 12. b5 Nd8 13. a4 Ng6 14. Be3 Bf4 15. a5 Bxe3 16. Rxe3 Rxe3 17. fxe3 Qe6 18. Qe2 Re8 19. axb6 axb6 20. Bxg6 hxg6 21. Kf2 f5 22. h3 Bxf3 23. Qxf3 Kb7 24. c4 Nf7 25. cxd5 Qe4 26. Qxe4 Rxe4 27. Nd2 Re7 28. Nf3 Rd7 29. Nh4 Rxd5 30. Nxg6 Rxb5 31. Nf4 Nd6 32. g4 fxg4 33. hxg4 Rb2+ 34. Kf3 b5 35. Ne6 g6 36. Nc5+ Kc6 37. Ra6+ Kd5 38. Nd3 Rb3 39. Nf4+ Kc4 40. Rc6+ Kb4 41. Nd5+ Ka3 42. Rxc7 Nc4 43. Ra7+ Kb2 44. Rg7 Rd3 45. Rxg6 b4 46. Nxb4 Rxe3+ 47. Kf4 Re7 48. Nd5 Rd7 49. Ke4 Nd2+ 50. Ke5 Nf3+ 51. Ke6 Rd8 52. Nf6 Nxd4+ 53. Kf7 Nf3 54. Ne4 Ne5+ 55. Kf6 Nxg6 56. Kxg6 Kc2 57. Kf5 Kd3 58. Nf6 Kd4 59. g5 Ra8 60. g6 Ra7 61. Ne8 Re7 62. Nd6 Kd5 63. Nf7 Re1 64. g7 Rf1+ 65. Kg6 Rg1+ 66. Ng5 Ke5 67. g8=Q Kf4 68. Qf7+ Kg4 69. Qf3+ Kh4 70. Qh3# 1-0


[Site "https://www.chess.com"]

[Event "Titled Tuesday Blitz November 08 Late 2022"]
[White "Alexikov, Alexander"]
[Black "Joubert, Dantelle"]
[WhiteFideId "14103958"]
[BlackFideId "14310813"]
[WhiteElo "2222"]
[BlackElo "1507"]
[Result "1-0"]
[Round "06"]
[TimeControl "180+1"]
[Date "2022.11.09"]
[WhiteClock "0:00:49"]
[BlackClock "0:00:02"]

1. e4 e5 2. Nf3 Nc6 3. c3 Nf6 4. d4 d6 5. Bb5 Bd7 6. O-O Be7 7. Re1 O-O 8. Ba4 h6 9. h3 Re8 10. Nbd2 Bf8 11. a3 g6 12. Bc2 Bg7 13. Nf1 a5 14. b3 Nb8 15. Ng3 Bc6 16. Be3 b6 17. Qd2 Bb7 18. Bxh6 Bh8 19. Bg5 Qc8 20. b4 axb4 21. cxb4 exd4 22. Nxd4 Nfd7 23. Ra2 Ne5 24. Bb3 Nbc6 25. Nb5 Qd7 26. f4 Ba6 27. Nc3 Nc4 28. Qc1 b5 29. Nd5 Nd4 30. Bd1 c6 31. Nf6+ Bxf6 32. Bxf6 Qa7 33. Kh2 Ne6 34. f5 1-0


[Site "https://www.chess.com"]

[Event "Titled Tuesday Blitz November 08 Late 2022"]
[White "Ambartsumova, Karina"]
[Black "Banzea, Alexandru-Bogdan"]
[WhiteFideId "4166299"]
[BlackFideId "1232622"]
[WhiteElo "2319"]
[BlackElo "2294"]
[Result "1-0"]
[Round "06"]
[TimeControl "180+1"]
[Date "2022.11.09"]
[WhiteClock "0:00:05"]
[BlackClock "0:00:02"]

1. Nf3 Nf6 2. g3 g6 3. Bg2 Bg7 4. O-O O-O 5. d4 d6 6. b3 c5 7. Bb2 cxd4 8. Nxd4 d5 9. c4 dxc4 10. bxc4 Qb6 11. Qb3 Nfd7 12. e3 Nc5 13. Qxb6 axb6 14. Nc3 Nd3 15. Bc1 Nc6 16. Rd1 Nxc1 17. Raxc1 Bg4 18. Rd2 Rfd8 19. Nd5 e6 20. Nxc6 bxc6 21. Ne7+ Kf8 22. Rxd8+ Rxd8 23. Nxc6 Rd2 24. h3 Be2 25. Rb1 Bxc4 26. Rxb6 Bf6 27. a4 Ra2 28. a5 Bc3 29. Rb8+ Kg7 30. Rb7 Ra1+ 31. Kh2 Ra2 32. Kg1 Ra1+ 33. Kh2 Ra2 34. Nd8 Rxf2 35. Kg1 Rf6 36. g4 1-0


[Site "https://www.chess.com"]

[Event "Titled Tuesday Blitz November 08 Late 2022"]
[White "Antonova, Nadezhda"]
[Black "Reprintsev, Alexander"]
[WhiteFideId "14700182"]
[BlackFideId "14100541"]
[WhiteElo "1813"]
[BlackElo "2230"]
[Result "0-1"]
[Round "06"]
[TimeControl "180+1"]
[Date "2022.11.09"]
[WhiteClock "0:01:05"]
[BlackClock "0:00:55"]

1. Nf3 d5 2. b3 Bf5 3. Bb2 e6 4. g3 Nf6 5. Bg2 Be7 6. O-O O-O 7. d3 h6 8. Nbd2 Nbd7 9. c4 a5 10. a3 c6 11. Qc2 Qb6 12. Ne5 Nxe5 13. Bxe5 Nd7 14. Bc3 Bf6 15. Bxf6 Nxf6 16. Rab1 Rfc8 17. b4 axb4 18. axb4 Ra3 19. Qb2 Rca8 20. Qc1 Ra2 21. b5 c5 22. cxd5 exd5 23. e4 Be6 24. exd5 Bxd5 25. Nc4 Qd8 26. Bh3 Nh7 27. Ne3 Bf3 28. Qxc5 Qxd3 29. Rbc1 Ng5 30. Qc8+ Rxc8 31. Rxc8+ Kh7 32. Bf5+ Qxf5 33. Nxf5 Nh3# 0-1


[Site "https://www.chess.com"]

[Event "Titled Tuesday Blitz November 08 Late 2022"]
[White "Arbunic Castro, Giovanna"]
[Black "Shapiro, Daniel"]
[WhiteFideId "3400549"]
[BlackFideId "2001780"]
[WhiteElo "1875"]
[BlackElo "2284"]
[Result "0-1"]
[Round "06"]
[TimeControl "180+1"]
[Date "2022.11.09"]
[WhiteClock "0:00:02"]
[BlackClock "0:00:04"]

1. e4 e5 2. d4 exd4 3. Qxd4 Nc6 4. Qe3 Nf6 5. Nc3 Bb4 6. Bd2 O-O 7. O-O-O Re8 8. f3 d5 9. Qf2 dxe4 10. Bg5 Qe7 11. Nd5 Qe5 12. f4 Ng4 13. Qh4 Qf5 14. Nxc7 Be6 15. Nxa8 Rxa8 16. c3 Bc5 17. Be2 Nf2 18. g4 Qg6 19. f5 Bxf5 20. gxf5 Qxf5 21. Nh3 Nxh3 22. Bg4 Qxg5+ 23. Qxg5 Nxg5 24. Rhf1 Be3+ 25. Kc2 g6 26. Rde1 Bb6 27. h4 Nf3 28. Bxf3 exf3 29. Rxf3 Kf8 30. Ref1 f5 31. h5 Kf7 32. hxg6+ hxg6 33. Rh1 Kf6 34. Rfh3 Ne5 35. Rh8 Rxh8 36. Rxh8 f4 37. Rf8+ Kg5 38. c4 Bd4 39. b4 Kg4 40. c5 g5 41. Re8 Kf5 42. Rd8 Ke4 0-1


[Site "https://www.chess.com"]

[Event "Titled Tuesday Blitz November 08 Late 2022"]
[White "Ardila, Oscar Humberto"]
[Black "Becerra, Juan David"]
[WhiteFideId "4404742"]
[BlackFideId "4404998"]
[WhiteElo "1959"]
[BlackElo "2281"]
[Result "0-1"]
[Round "06"]
[TimeControl "180+1"]
[Date "2022.11.09"]
[WhiteClock "0:00:02"]
[BlackClock "0:00:16"]

1. d4 d5 2. c4 e6 3. Nc3 Nf6 4. Nf3 c6 5. e3 Nbd7 6. Qc2 Bd6 7. Bd3 dxc4 8. Bxc4 O-O 9. O-O Qe7 10. Bd3 e5 11. Rd1 Re8 12. dxe5 Nxe5 13. Be2 Bg4 14. Nd4 Rad8 15. Bxg4 Nexg4 16. h3 Qe5 17. Nf3 Qh5 18. hxg4 Nxg4 19. Ne2 Bh2+ 20. Kf1 Bc7 21. Rxd8 Rxd8 22. e4 Qh1+ 23. Neg1 Nh2+ 24. Ke2 Qxg2 25. Nxh2 Qxg1 26. Nf3 Qh1 27. Rb1 Qh5 28. Be3 a6 29. Rd1 Re8 30. Rd7 Bb8 31. Qb3 b5 32. Qd3 Qg4 33. Rd8 Qe6 34. Rxe8+ Qxe8 35. Qd4 h6 36. e5 Bc7 37. Qc5 Qe6 38. a3 h5 39. Nd4 Qg4+ 40. Kd2 h4 41. Qxc6 Bxe5 42. Qe8+ Kh7 43. Qxe5 h3 44. Qh2 g5 45. Ne2 Qg2 46. Qg3 Qd5+ 47. Ke1 Qh1+ 48. Kd2 Qd5+ 49. Ke1 Qf5 50. Qh2 g4 51. Ng3 Qb1+ 52. Ke2 Qxb2+ 53. Bd2 Qxa3 54. f3 Qxf3+ 55. Ke1 f5 56. Qf2 Qxf2+ 57. Kxf2 Kg6 58. Bf4 a5 59. Ke3 a4 60. Kd4 b4 61. Kc4 b3 62. Be5 Kg5 63. Ne2 b2 64. Bf4+ Kh4 65. Nc3 g3 0-1


[Site "https://www.chess.com"]

[Event "Titled Tuesday Blitz November 08 Late 2022"]
[White "Arencibia Monduy, Antonio"]
[Black "Alfaro, William"]
[WhiteFideId "3507939"]
[BlackFideId "6100457"]
[WhiteElo "2456"]
[BlackElo "2096"]
[Result "1-0"]
[Round "06"]
[TimeControl "180+1"]
[Date "2022.11.09"]
[WhiteClock "0:02:09"]
[BlackClock "0:01:17"]

1. d4 Nf6 2. Bf4 d6 3. e3 g6 4. Nf3 Bg7 5. h3 O-O 6. Be2 b6 7. O-O Bb7 8. Nbd2 c5 9. c3 Nbd7 10. Bh2 a6 11. Re1 b5 12. Bd3 Qb6 13. e4 e5 14. dxe5 dxe5 15. Nxe5 Nxe5 16. Bxe5 Rfe8 17. Bh2 Rad8 18. Qc2 Bh6 19. Rad1 c4 20. Bf1 Nxe4 21. Nxe4 Bxe4 22. Rxd8 1-0


[Site "https://www.chess.com"]

[Event "Titled Tuesday Blitz November 08 Late 2022"]
[White "Ashiku, Franc"]
[Black "Myers, Dominique"]
[WhiteFideId "4700066"]
[BlackFideId "2041715"]
[WhiteElo "2306"]
[BlackElo "1986"]
[Result "1-0"]
[Round "06"]
[TimeControl "180+1"]
[Date "2022.11.09"]
[WhiteClock "0:00:30"]
[BlackClock "0:00:40"]

1. d4 Nf6 2. c4 e6 3. g3 Bb4+ 4. Bd2 Bxd2+ 5. Qxd2 d5 6. Bg2 O-O 7. Nf3 b6 8. O-O Bb7 9. Rc1 Nbd7 10. Ne5 Nxe5 11. dxe5 Ne4 12. Qe3 c5 13. f3 d4 14. Qf4 g5 15. Qg4 f5 16. Qh5 d3 17. fxe4 Qd4+ 18. Kh1 Qxb2 19. Qxg5+ Kh8 20. Qd2 Qxa1 21. Nc3 Qxc1+ 22. Qxc1 Rad8 23. exd3 Rxd3 24. Nd5 exd5 25. exd5 f4 26. gxf4 Rd4 27. e6 Rfxf4 28. e7 Rfe4 29. Bxe4 Rxe4 30. Qh6 Rxe7 31. Qf8# 1-0


[Site "https://www.chess.com"]

[Event "Titled Tuesday Blitz November 08 Late 2022"]
[White "Aung Thant Zin"]
[Black "Aguilar, Juan"]
[WhiteFideId "13000063"]
[BlackFideId "3800091"]
[WhiteElo "2278"]
[BlackElo "2419"]
[Result "0-1"]
[Round "06"]
[TimeControl "180+1"]
[Date "2022.11.09"]
[WhiteClock "0:00:16"]
[BlackClock "0:00:07"]

1. c4 e5 2. Nc3 Nf6 3. Nf3 Nc6 4. e3 Bb4 5. Qc2 Bxc3 6. Qxc3 d6 7. b4 O-O 8. b5 Ne7 9. d3 Ng6 10. Be2 Re8 11. O-O c6 12. a4 d5 13. Bb2 Bg4 14. Rfe1 d4 15. exd4 exd4 16. Nxd4 Bxe2 17. Rxe2 Nf4 18. Rxe8+ Qxe8 19. Qd2 Qe5 20. Nf3 Qf5 21. Bxf6 gxf6 22. Rd1 Qg4 23. Ne1 Re8 24. f3 Qg5 25. g3 Ne2+ 26. Kg2 Qc5 27. d4 Qxc4 28. bxc6 bxc6 29. Nc2 Nc3 30. Re1 Rxe1 31. Qxe1 Qd3 32. Qf2 Nd5 33. f4 Qxc2 34. Qxc2 Ne3+ 35. Kf3 Nxc2 36. Kg4 Nxd4 37. f5 Kf8 38. Kf4 Ke7 39. Ke4 Nb3 40. Kf4 Kd6 41. g4 c5 42. h4 Kd5 43. g5 fxg5+ 44. Kxg5 c4 45. Kh6 c3 46. Kxh7 c2 47. Kg7 c1=Q 48. h5 Qg5+ 49. Kxf7 Qxf5+ 50. Kg7 Qxh5 51. Kf6 Qe2 52. a5 Nc5 53. a6 Nxa6 54. Kf7 Nc5 55. Kf8 a5 0-1


[Site "https://www.chess.com"]

[Event "Titled Tuesday Blitz November 08 Late 2022"]
[White "Bach, Matthias"]
[Black "Kleiman, Jake"]
[WhiteFideId "4603168"]
[BlackFideId "2020041"]
[WhiteElo "2165"]
[BlackElo "2502"]
[Result "0-1"]
[Round "06"]
[TimeControl "180+1"]
[Date "2022.11.09"]
[WhiteClock "0:00:48"]
[BlackClock "0:01:25"]

1. d4 Nf6 2. c4 e6 3. Nc3 Bb4 4. Bg5 c5 5. d5 exd5 6. cxd5 d6 7. e3 Nbd7 8. Bd3 Qa5 9. Ne2 Nxd5 10. O-O Bxc3 11. bxc3 c4 12. Bxc4 N5b6 13. Bxf7+ Kxf7 14. Bf4 d5 15. Nd4 Nf6 16. Be5 Nbd7 17. f4 Re8 18. Qd3 Kg8 19. Bxf6 Nxf6 20. c4 Bd7 21. Rab1 Rac8 22. cxd5 Qxd5 23. Rfe1 b6 24. Kh1 Qc4 25. Qa3 Qc7 26. Rbc1 Qb8 27. Qd3 Qd6 28. Qa6 Rxc1 29. Rxc1 Rxe3 0-1


[Site "https://www.chess.com"]